 Dungeon Crawl Stone Soup version 0.28.0-45-g0d030f2227 (webtiles) character file.

Game seed: 14930110215743324573

12632 Saba the Fighter (level 11, 0/72 HPs)
             Began as a Gargoyle Hunter on Apr 3, 2022.
             Was a High Priest of Okawaru.
             Slain by a boulder beetle (23 damage)
             ... on level 12 of the Dungeon.
             The game lasted 00:26:29 (13569 turns).

Saba the Fighter (Gargoyle Hunter)                 Turns: 13569, Time: 00:26:29

Health: 0/72       AC: 22    Str: 21    XL:     11   Next: 96%
Magic:  11/11      EV: 15    Int: 13    God:    Okawaru [*****.]
Gold:   704        SH:  0    Dex: 12    Spells: 10/10 levels left

rFire   + . .      SeeInvis .   r - +12 great mace "Genwaecs" {drain, rN+ Int+2 Dex+2}
rCold   . . .      Faith    .   (shield currently unavailable)
rNeg    + + .      Spirit   .   e - +0 chain mail
rPois   ∞          Reflect  .   (helmet restricted)
rElec   +          Harm     .   s - +0 cloak
rCorr   .          Rampage  .   (no gloves)
Will    .....                   F - +0 pair of boots
Stlth   ..........              (no amulet)
HPRegen 1.02/turn               w - +4 ring of evasion
MPRegen 0.12/turn               J - ring of protection from fire

@: no status effects
A: sickness immunity, AC +8, negative energy resistance 1, electricity
resistance, torment resistance 1, petrification resistance, antennae 1,
regeneration 1, sturdy frame 1
a: Renounce Religion, Heroism, Finesse, Duel


You were on level 12 of the Dungeon.
You worshipped Okawaru.
Okawaru was extremely pleased with you.
You visited 2 branches of the dungeon, and saw 15 of its levels.

You collected 704 gold pieces.

Inventory:

Hand Weapons
 a - a +2 hand crossbow of chaos
 b - the +8 dire flail of Departure {drain, Drain Will+ Int+8}
   (You took it off a two-headed ogre on level 7 of the Dungeon)

   A truly terrible weapon, it drains the life of any living foe it strikes.
   Int:       It affects your intelligence (+8).
   Drain:     It drains your maximum health when unequipped.
   Will:      It increases your willpower.
 m - the +9 whip of Certain Death {distort, Will+}
   (You found it on level 6 of the Dungeon)

   It warps and distorts space around it, and may blink, banish, or inflict
   extra damage upon those it strikes.
   Unwielding it can cause banishment or high damage.
   Will:      It increases your willpower.
 p - a +3 dagger of venom
 r - the +12 great mace "Genwaecs" (weapon) {drain, rN+ Int+2 Dex+2}
   (You took it off a two-headed ogre on level 7 of the Dungeon)

   A truly terrible weapon, it drains the life of any living foe it strikes.
   Int:       It affects your intelligence (+2).
   Dex:       It affects your dexterity (+2).
   rN:        It protects you from negative energy.
 E - a +4 scimitar of freezing
Missiles
 d - 152 bolts
 x - a throwing net (quivered)
Armour
 e - a +0 chain mail (worn)
 g - a +2 kite shield
 l - a +1 helmet
 s - a +0 cloak (worn)
 F - a +0 pair of boots (worn)
Jewellery
 w - a +4 ring of evasion (left hand)
 y - a ring of magical power
 D - a ring of protection from cold
 J - a ring of protection from fire (right hand)
Wands
 c - a wand of flame (11)
 C - a wand of digging (4)
Scrolls
 f - a scroll of magic mapping {unknown}
 h - 5 scrolls of identify
 i - a scroll of blinking
 o - a scroll of enchant armour
 z - 2 scrolls of enchant weapon
 B - a scroll of fear
 H - a scroll of torment
 N - a scroll of teleportation
Potions
 j - 4 potions of curing
 k - 3 potions of degeneration
 n - 2 potions of flight {unknown}
 q - 3 potions of brilliance {unknown}
 t - a potion of might {unknown}
 u - 4 potions of heal wounds
 v - 3 potions of lignification
 A - a potion of invisibility {unknown}
 G - a potion of haste {unknown}
 I - a potion of ambrosia {unknown}
 K - a potion of berserk rage {unknown}
 M - a potion of attraction {unknown}
Miscellaneous
 L - a condenser vane


   Skills:
 + Level 9.9 Fighting
 + Level 9.8 Crossbows
 + Level 9.5 Armour
 + Level 7.5 Dodging
 - Level 1.1 Stealth
 + Level 7.4 Shields


You had 10 spell levels left.
You didn't know any spells.
Your spell library contained the following spells:

 Spells                   Type           Power      Damage    Failure   Level
 Gell's Gravitas          Tloc           0%         N/A       98%         3
 Lesser Beckoning         Tloc           0%         N/A       98%         3
 Portal Projectile        Hex/Tloc       0%         N/A       98%         3
 Teleport Other           Tloc           0%         N/A       98%         3
 Fulminant Prism          Conj/Hex       0%         3d6       100%        4
 Iskenderun's Mystic Bla  Conj/Tloc      0%         2d3       100%        4
 Leda's Liquefaction      Hex/Erth       0%         N/A       100%        4
 Lee's Rapid Deconstruct  Erth           0%         3d5*      100%        5
 Call Canine Familiar     Summ           Unusable   N/A       N/A         3

Dungeon Overview and Level Annotations

Branches:
Dungeon (14/15)            Temple (1/1) D:4            Lair (0/6) D:11
    Orc (0/2) D:9          Vaults (0/5) D:14

Altars:
Ashenzari
Cheibriados
Dithmenos
Elyvilon
Fedhas
Gozag
Hepliaklqana
Kikubaaqudgha
Makhleb
Nemelex Xobeh
Okawaru
Qazlal
Ru
Sif Muna
Trog
Uskayaw
Vehumet
Wu Jian
Xom
Yredelemnul
Zin
The Shining One

Shops:
D:1 [

Annotations:
D:14 1 transporter, Qymaymp's ghost, adept GrEE


Innate Abilities, Weirdness & Mutations

You are immune to sickness and miasma.
Your stone body is resilient. (AC +8)
You are immune to poison.
You resist negative energy. (rN+)
You are resistant to electric shocks. (rElec)
You are resistant to unholy torment.
You are immune to petrification.
You have a pair of small antennae on your head.
Your natural rate of healing is unusually fast.
Your movements are slightly less encumbered by armour. (ER -2)


Message History

The basilisk bites you but does no damage.
You hit the basilisk. You drain the basilisk.
The basilisk is moderately wounded.
The basilisk closely misses you. The basilisk misses you.
You bludgeon the basilisk!! You drain the basilisk!
You kill the basilisk!
Okawaru accepts your kill.
No target in view!
No target in view!
No target in view!
A boulder beetle comes into view.
The boulder beetle misses you.
You barely miss the boulder beetle. The boulder beetle barely misses you.
The boulder beetle leaps!
The boulder beetle curls into a ball and begins rolling!
The boulder beetle closely misses you.
The boulder beetle stops rolling and uncurls.
You barely miss the boulder beetle. The boulder beetle bites you.
The boulder beetle bites you!
You hit the boulder beetle but do no damage.
The boulder beetle bites you but does no damage.
The boulder beetle barely misses you.
You hit the boulder beetle.
The boulder beetle is lightly wounded.
The boulder beetle bites you.
You hit the boulder beetle. You drain the boulder beetle.
The boulder beetle is lightly wounded.
The boulder beetle bites you! x2
You are too injured to fight recklessly!
You are too injured to fight recklessly!
You hit the boulder beetle but do no damage.
The boulder beetle is lightly wounded.
The boulder beetle misses you. The boulder beetle bites you.
You barely miss the boulder beetle.
The boulder beetle is lightly wounded.
The boulder beetle bites you!
* * * LOW HITPOINT WARNING * * *
The boulder beetle curls into a ball and begins rolling!
The boulder beetle hits you!!
You die...

######### #.......#
.# #...°...#
...#....°..#
#....$..○.#
###....B..#
#....@..# ###
#####.### ..# #.#
#.# #.# #.# #.# #.#
#.## #.# #..#
###'#### #####.##
>......######......#


You could see a boulder beetle (rolling, drained).

Vanquished Creatures
  An ogre mage (D:14)
  A centaur warrior (D:14)
  4 two-headed ogres
  A skeletal warrior (D:14)
  The ghost of unlimited1921 the Ogre Mage, a novice OgFE (D:7)
  Maurice (D:10)
  A gargoyle (D:12)
  An efreet (D:14)
  A freezing wraith (D:9)
  3 slime creatures (D:14)
  Sigmund (D:5)
  A wyvern (D:9)
  2 wraiths
  7 yaks (D:9)
  A basilisk (D:12)
  Grum (D:10)
  Edmund (D:5)
  3 orc warriors
  2 sky beasts (D:6)
  A black bear (D:6)
  2 wolves (D:10)
  4 ogres
  4 centaurs
  2 phantoms (D:9)
  3 gnoll sergeants
  2 scorpions
  3 troll zombies (D:9)
  9 killer bees
  5 wights
  4 electric eels
  5 howler monkeys
  2 centaur zombies
  3 hounds
  9 orc priests
  3 jellies
  Crazy Yiuf (D:2)
  2 bullfrog skeletons
  3 iguanas
  11 orc wizards
  2 scorpion zombies (D:5)
  Terence (D:2)
  5 ogre zombies (D:9)
  A hound skeleton (D:4)
  A howler monkey zombie (D:4)
  Robin (D:2)
  11 gnolls
  A howler monkey skeleton (D:6)
  5 adders
  An adder skeleton (D:4)
  35 orcs
  5 ball pythons
  5 bats
  5 endoplasms
  A giant cockroach (D:1)
  11 goblins
  8 hobgoblins
  8 kobolds
  A quokka (D:3)
  6 frilled lizards
  2 goblin skeletons (D:9)
  A goblin zombie (D:9)
  5 hobgoblin zombies (D:9)
  2 orc skeletons (D:9)
  15 orc zombies (D:9)
  5 rats
256 creatures vanquished.

Vanquished Creatures (others)
  An orc warrior (D:11)
  An orc wizard (D:6)
  2 orcs (D:11)
4 creatures vanquished.

Grand Total: 260 creatures vanquished

Notes
Turn   | Place    | Note
-------+----------+-------------------------------------------
     0 | D:1      | Saba the Gargoyle Hunter began the quest for the Orb.
     0 | D:1      | Reached XP level 1. HP: 12/12 MP: 1/1
   457 | D:1      | Reached XP level 2. HP: 18/18 MP: 2/2
   466 | D:1      | Found Cytei's Antique Armour Shop.
   652 | D:1      | Reached skill level 1 in Armour
   706 | D:1      | Found a faded altar of an unknown god.
   931 | D:2      | Noticed Terence
   934 | D:2      | Reached XP level 3. HP: 18/22 MP: 3/3
   939 | D:2      | Killed Terence
   982 | D:2      | Noticed Robin
   984 | D:2      | Reached XP level 4. HP: 10/28 MP: 4/4
   990 | D:2      | Killed Robin
  1492 | D:2      | Found a runed translucent door.
  1493 | D:2      | Noticed Crazy Yiuf
  2099 | D:2      | Paralysed by Crazy Yiuf for 5 turns
  2107 | D:2      | Killed Crazy Yiuf
  2108 | D:2      | Reached XP level 5. HP: 14/32 MP: 5/5
  2318 | D:3      | Found a glowing silver altar of Zin.
  2318 | D:3      | Found an ancient bone altar of Kikubaaqudgha.
  3359 | D:4      | Reached XP level 6. HP: 38/38 MP: 6/6
  3486 | D:4      | Found a staircase to the Ecumenical Temple.
  3669 | Temple   | Entered the Ecumenical Temple
  4079 | Temple   | Became a worshipper of Warmaster Okawaru
  4120 | D:5      | Entered Level 5 of the Dungeon
  4120 | D:5      | Found an ornate altar of the Wu Jian Council.
  4148 | D:5      | Reached skill level 5 in Crossbows
  4372 | D:5      | Reached XP level 7. HP: 43/44 MP: 7/7
  4413 | D:5      | Noticed Edmund
  4424 | D:5      | Killed Edmund
  4424 | D:5      | Reached * piety under Okawaru
  4914 | D:5      | Noticed Sigmund
  4955 | D:5      | Killed Sigmund
  4956 | D:5      | Reached skill level 5 in Fighting
  5144 | D:5      | Noticed a two-headed ogre
  5290 | D:4      | Killed a two-headed ogre
  5290 | D:4      | Reached ** piety under Okawaru
  5291 | D:4      | Reached skill level 5 in Armour
  5291 | D:4      | Reached XP level 8. HP: 19/51 MP: 8/8
  6235 | D:6      | Identified the +9 whip of Certain Death {distort, Will+}
  6587 | D:6      | Reached skill level 1 in Shields
  6638 | D:5      | Reached XP level 9. HP: 20/56 MP: 9/9
  6925 | D:6      | Reached *** piety under Okawaru
  7744 | D:6      | Reached skill level 5 in Dodging
  9136 | D:7      | Found a transporter.
  9137 | D:7      | Noticed unlimited1921's ghost (novice OgFE)
  9140 | D:7      | Identified the +12 great mace "Genwaecs" {drain, rN+ Int+2
                  | Dex+2}
  9140 | D:7      | Identified the +8 dire flail of Departure {drain, Drain
                  | Will+ Int+8}
  9140 | D:7      | Noticed a two-headed ogre
  9142 | D:7      | Found a transporter.
  9291 | D:7      | Killed unlimited1921's ghost
  9291 | D:7      | Reached **** piety under Okawaru
  9299 | D:7      | Killed a two-headed ogre
  9300 | D:7      | Reached XP level 10. HP: 13/64 MP: 10/10
  9712 | D:8      | Found a glowing golden altar of the Shining One.
 10631 | D:9      | Reached skill level 5 in Shields
 10797 | D:9      | Received a gift from Okawaru
 11009 | D:9      | Reached ***** piety under Okawaru
 11011 | D:9      | Found a staircase to the Orcish Mines.
 11268 | D:9      | Identified the +5 hunting sling of Incongruity {speed, rC+
                  | rN+} (Okawaru gifted it to you on level 9 of the Dungeon)
 11268 | D:9      | Received a gift from Okawaru
 11392 | D:9      | Reached XP level 11. HP: 60/69 MP: 11/11
 11729 | D:10     | Entered Level 10 of the Dungeon
 11858 | D:10     | Gained mutation: You have a pair of small antennae on your
                  | head. [potion of mutation]
 11858 | D:10     | Gained mutation: Your movements are slightly less
                  | encumbered by armour. (ER -2) [potion of mutation]
 11858 | D:10     | Gained mutation: Your natural rate of healing is unusually
                  | fast. [potion of mutation]
 11913 | D:10     | Identified the +6 quarterstaff "Tinkibu" {vamp, Int+4
                  | Stlth+}
 11971 | D:10     | Noticed Grum
 12073 | D:10     | Killed Grum
 12136 | D:10     | Noticed Maurice
 12165 | D:10     | Killed Maurice
 12563 | D:11     | Found a staircase to the Lair.
 12694 | D:11     | Received a gift from Okawaru
 12714 | D:11     | You fall into a shaft and drop 3 floors!
 12774 | D:14     | Noticed a skeletal warrior
 12805 | D:14     | Killed a skeletal warrior
 12881 | D:13     | Noticed a five-headed hydra
 13077 | D:14     | Noticed a two-headed ogre
 13079 | D:14     | Noticed a two-headed ogre
 13083 | D:14     | Killed a two-headed ogre
 13087 | D:14     | Killed a two-headed ogre
 13087 | D:14     | Received a gift from Okawaru
 13122 | D:14     | Noticed an ogre mage
 13130 | D:14     | Killed an ogre mage
 13130 | D:14     | Received a gift from Okawaru
 13137 | D:14     | Found a gate to the Vaults.
 13281 | D:14     | Noticed a centaur warrior
 13290 | D:14     | Killed a centaur warrior
 13313 | D:13     | Noticed a six-headed hydra
 13336 | D:14     | Found a transporter.
 13339 | D:14     | Noticed a two-headed ogre
 13340 | D:14     | Noticed an orc knight
 13340 | D:14     | Noticed a tengu warrior
 13340 | D:14     | Noticed a moth of wrath
 13340 | D:14     | Noticed a two-headed ogre
 13340 | D:14     | Noticed a brown ugly thing
 13341 | D:14     | Noticed a two-headed ogre
 13341 | D:14     | Noticed a brown ugly thing
 13341 | D:14     | Noticed Qymaymp's ghost (adept GrEE)
 13341 | D:14     | Noticed a brown ugly thing
 13341 | D:14     | Noticed a brown ugly thing
 13342 | D:14     | Noticed a two-headed ogre
 13555 | D:12     | Noticed a boulder beetle
 13569 | D:12     | Slain by a boulder beetle

Illustrated notes

Levels and vault maps discovered:
D:1:      lemuel_arrival_river_ford, layout_basic,
          hellmonk_ecumenical_altar_zigzags, serial_forest,
          infiniplex_forest_lined_ring, infiniplex_forest_straight_4,
          infiniplex_forest_clump_curved, infiniplex_forest_clump_medium,
          infiniplex_forest_straight_2, infiniplex_forest_zigzag_1,
          serial_shops, shop, minmay_misc_feat_more_columns, minmay_door_square,
          minmay_tetromino_i4
D:2:      layout_loops_ring, uniq_robin, uniq_crazy_yiuf_cottage, uniq_terence
D:3:      wander_river, layout_basic, mainiacjoe_overflow_catwalk_spiral,
          hangedman_decor_diamond_cutter, interstate_on_off
D:4:      layout_rooms, minmay_temple_entry_wispy, fountainhead
D:5:      layout_basic, nicolae_wu_jian_wuxing_cycle,
          kennysheep_generic_room_10, uniq_sigmund, uniq_edmund
D:6:      layout_cave_pools, wad_floor_pattern_untrapped, minmay_crystal_water,
          kennysheep_generic_room_15
D:7:      layout_basic, gammafunk_ghost_smash
D:8:      layout_cave_pods, mainiacjoe_overflow_cross_hatched
D:9:      layout_basic, zombieorc2_lemuel
D:10:     layout_irregular_city, nrook_mini_vaults, uniq_maurice, uniq_grum
D:11:     layout_gridville, lair_entry_dummy, lemuel_flame_loot_1
D:12:     layout_roguey, serial_shops, nicolae_shop_statue_plus
D:13:     layout_stronghold, serial_shops, nicolae_square_shop,
          kennysheep_small_circle
D:14:     layout_irregular_city, david_vaults_2,
          gammafunk_ghost_wrathful_warriors, serial_bayou, serial_bayou_pond_a,
          serial_bayou_shore_b, serial_bayou_ford_a, serial_bayou_lake_a,
          serial_bayou_pond_d, serial_bayou_crossing, lemuel_round_altar,
          nrook_loot_triangle, hangedman_decor_push
Temple:   hc_temple_tempest_star

Skill      XL: |  1  2  3  4  5  6  7  8  9 10 11 |
---------------+----------------------------------+-----
Armour         | 1 2 3 5 7 8 9 |  9.5
Dodging        | 2 3 4 5 6 7 |  7.5
Fighting       | 3 4 6 7 8 9 |  9.9
Crossbows      | 5 6 7 8 9 |  9.8
Shields        | 1 4 5 7 |  7.4
Stealth        | |  1.1

Action                   |  1- 3 |  4- 6 |  7- 9 | 10-12 || total
-------------------------+-------+-------+-------+-------++-------
Melee: Short sword       |    12 |       |       |       ||    12
       Long sword        |    70 |    12 |       |       ||    82
       Punch             |     1 |     1 |       |       ||     2
       Dagger            |       |    28 |    86 |       ||   114
       Quarterstaff      |       |    65 |    84 |       ||   149
       Scimitar          |       |       |    90 |       ||    90
       Great mace        |       |       |       |   298 ||   298
 Fire: Hand crossbow     |       |       |    25 |    20 ||    45
Evoke: Wand              |       |       |       |     5 ||     5
  Use: Potion            |       |     1 |     4 |     1 ||     6
       Scroll            |       |       |    15 |     2 ||    17
 Stab: Paralysed         |       |     1 |       |       ||     1
Armor: Chain mail        |    75 |    58 |   163 |   242 ||   538
Dodge: Dodged            |    37 |    49 |   144 |   379 ||   609
Block: Kite shield       |       |       |    80 |       ||    80
